 Dungeon Crawl Stone Soup version 0.22-a0-512-g0943f25 (webtiles) character file.

1367 Adnine the Cleaver (level 8, -3/68 HPs)
             Began as a Deep Dwarf Fighter on June 18, 2018.
             Slain by a two-headed ogre
             ... wielding a +0 giant club
              (10 damage)
             ... on level 5 of the Dungeon.
             The game lasted 00:19:06 (4584 turns).

Adnine the Cleaver (Deep Dwarf Fighter)             Turns: 4584, Time: 00:19:07

Health: -3/68      AC: 14    Str: 20    XL:     8   Next: 38%
Magic:  6/6        EV:  5    Int: 11    God:
Gold:   268        SH:  9    Dex: 12    Spells: 7/7 levels left

rFire    . . .     SeeInvis .   a - +0 war axe
rCold    . . .     Gourm    .   c - +0 shield
rNeg     . . .     Faith    .   t - +0 chain mail
rPois    .         Spirit   .   (no helmet)
rElec    .         Reflect  .   (no cloak)
rCorr    .         Harm     .   (no gloves)
MR       +....                  (no boots)
Stlth    ..........             (no amulet)
HPRegen  0.00/turn              v - +5 ring of protection
MPRegen  0.10/turn              (no ring)

@: non-regenerating
A: damage resistance, heal wounds, sense surroundings 1, no regeneration
a: Heal Wounds


You were on level 5 of the Dungeon.
You were not hungry.

You visited 1 branch of the dungeon, and saw 5 of its levels.

You collected 268 gold pieces.

Inventory:

Hand Weapons
 a - a +0 war axe (weapon)
Armour
 b - a +0 scale mail
 c - a +0 shield (worn)
 j - a +0 leather armour
 t - a +0 chain mail (worn)
Jewellery
 v - a +5 ring of protection (left hand)
Wands
 B - a wand of random effects (18)
Scrolls
 e - 2 scrolls of remove curse
 g - a scroll of amnesia {unknown}
 h - a scroll of noise {unknown}
 l - a scroll of magic mapping {unknown}
 m - 3 scrolls of enchant armour {unknown}
 n - 2 scrolls of immolation {unknown}
 u - 2 scrolls of teleportation {unknown}
 w - a scroll of random uselessness {unknown}
 y - 6 scrolls of identify {unknown}
 z - 2 scrolls of blinking {unknown}
 A - a scroll of fog {unknown}
Potions
 d - a potion of might
 i - a potion of degeneration {unknown}
 k - 5 potions of heal wounds {unknown}
 o - a potion of magic {unknown}
 p - 3 potions of agility {unknown}
 q - 2 potions of invisibility {unknown}
 r - 2 potions of curing {unknown}
 s - a potion of haste {unknown}
 x - 2 potions of mutation {unknown}
Comestibles
 f - 8 rations
 C - 5 chunks of flesh


   Skills:
 - Level 2.7 Fighting
 + Level 11.3 Axes
 - Level 3.3 Armour
 - Level 3.3 Shields


You had 7 spell levels left.
You didn't know any spells.
Your spell library was empty.

Dungeon Overview and Level Annotations

Branches:
Dungeon (5/15)
 Temple: D:4-7

Altars:
Elyvilon
Gozag
Kikubaaqudgha
Okawaru
Vehumet
Zin
The Shining One

Annotations:
D:5 1 transporter


Innate Abilities, Weirdness & Mutations

You are resistant to damage.
You can heal yourself by infusing magical energy.
You passively map a small area around you.
You do not regenerate.


Message History

You hit the two-headed ogre.
The two-headed ogre is heavily wounded.
The two-headed ogre barely misses you.
The two-headed ogre hits you with a giant spiked club.
You slash the two-headed ogre!
The two-headed ogre is severely wounded.
You hit the two-headed ogre.
The two-headed ogre is severely wounded.
The two-headed ogre hits you with a giant club.
The two-headed ogre hits you with a giant spiked club!
* * * LOW HITPOINT WARNING * * *
You feel much better.
The two-headed ogre hits you but does no damage.
The two-headed ogre hits you with a giant spiked club.
Your shield and chain mail prevent you from hitting the two-headed ogre.
The two-headed ogre is severely wounded.
The two-headed ogre hits you with a giant club!!
* * * LOW HITPOINT WARNING * * *
The two-headed ogre hits you with a giant spiked club!
You die...

#.##.# ##.......... ,
#.##.# #####.........
#.##.###.....©.....##
#.####..#.##..#########..#
,
#.......#.##.##8$_)_$8##.#
*
######....##.#..?%$?$..#.#
, #.#..##.#.##...##.#.#
#...>...#.##t..##.#.#
############..#.@O9....©#.#
.....# #..#.##5..##.#.#
..#..# #..#.##.©.##.#.#
.....# #..#.........#.#
#.#(.# #..##8.....8##.#
#.#..# #...#########..#
..#..# #.#.....©.....##
###..# #.........#####
.....# #.####...##


You could see a two-headed ogre, a crocodile, a gargoyle and a crimson imp.

Vanquished Creatures
  Duvessa (D:5)
  A phantom (D:5)
  2 ogres (D:5)
  Dowan (D:5)
  3 scorpions (D:4)
  A centaur zombie (D:5)
  A crimson imp (D:5)
  2 hounds (D:5)
  3 orc priests (D:4)
  3 jellies (D:3)
  An iguana (D:4)
  7 orc wizards
  4 worker ants
  3 gnolls (D:3)
  3 adders
  A shadow imp (D:5)
  8 oozes
  A worm (D:2)
  4 dart slugs
  2 leopard geckos
  12 orcs
  2 giant cockroaches
  4 goblins
  5 hobgoblins
  7 jackals
  12 kobolds
  2 quokkas
  A ball python (D:3)
  5 bats
  3 frilled lizards
  A jackal skeleton (D:4)
  A leopard gecko zombie (D:5)
  3 rats
110 creatures vanquished.

Vanquished Creatures (others)
  A fungus (D:3)
  5 toadstools (D:3)
6 creatures vanquished.

Grand Total: 116 creatures vanquished

Notes
Turn   | Place    | Note
-------+----------+-------------------------------------------
     0 | D:1      | Adnine the Deep Dwarf Fighter began the quest for the Orb.
     0 | D:1      | Reached XP level 1. HP: 20/20 MP: 1/1
   257 | D:1      | Reached skill level 3 in Axes
   257 | D:1      | Reached XP level 2. HP: 25/27 MP: 2/2
  1001 | D:2      | Reached skill level 4 in Axes
  1001 | D:2      | Reached XP level 3. HP: 21/33 MP: 3/3
  1796 | D:3      | Reached XP level 4. HP: 29/40 MP: 3/3
  1799 | D:3      | Reached skill level 5 in Axes
  1807 | D:3      | Reached XP level 5. HP: 46/46 MP: 4/4
  1811 | D:3      | Reached skill level 6 in Axes
  2497 | D:4      | Reached skill level 7 in Axes
  2497 | D:4      | Reached XP level 6. HP: 30/55 MP: 5/5
  2611 | D:4      | Found a glowing silver altar of Zin.
  2611 | D:4      | Found a white marble altar of Elyvilon.
  2611 | D:4      | Found a glowing golden altar of the Shining One.
  2955 | D:4      | Reached skill level 8 in Axes
  2970 | D:4      | Reached XP level 7. HP: 27/61 MP: 6/6
  3318 | D:4      | Reached skill level 9 in Axes
  3841 | D:5      | Entered Level 5 of the Dungeon
  3841 | D:5      | Found an iron altar of Okawaru.
  3871 | D:5      | Found an ancient bone altar of Kikubaaqudgha.
  3881 | D:5      | Found a radiant altar of Vehumet.
  3881 | D:5      | Noticed a gargoyle
  3887 | D:5      | Noticed a two-headed ogre
  3892 | D:5      | Found a transporter.
  4071 | D:5      | Noticed Duvessa
  4071 | D:5      | Noticed Dowan
  4087 | D:5      | Killed Duvessa
  4087 | D:5      | Reached skill level 10 in Axes
  4096 | D:5      | Killed Dowan
  4096 | D:5      | Reached XP level 8. HP: 33/68 MP: 7/7
  4244 | D:5      | Found an opulent altar of Gozag.
  4301 | D:5      | Reached skill level 11 in Axes
  4531 | D:5      | Found a transporter.
  4568 | D:5      | HP: 2/68 [two-headed ogre/giant club (20)]
  4584 | D:5      | Slain by a two-headed ogre

Vault maps used:
D:1:      dpeg_arrival_boxes_within_box
D:3:      cheibrodos_fertilizer
D:4:      good_gods_mini_temple, first_ration
D:5:      grunt_gozag_breadcrumbs, okawaru_metal_pillars_3,
          gammafunk_temple_overflow_arena, uniq_duvessa

Skill      XL: |  1  2  3  4  5  6  7  8 |
---------------+-------------------------+-----
Axes           | 3 4 5 7 8 10 11 | 11.3
Fighting       | |  2.7
Armour         | |  3.3
Shields        | |  3.3

Action                   |  1- 3 |  4- 6 |  7- 9 || total
-------------------------+-------+-------+-------++-------
Melee: War axe           |   140 |   158 |   192 ||   490
 Abil: Heal Wounds       |     1 |     4 |    11 ||    16
  Use: Scroll            |     1 |       |       ||     1
  Eat: Chunk             |     3 |     4 |     2 ||     9
       Ration            |       |       |     1 ||     1
Armor: Scale mail        |    46 |       |       ||    46
       Chain mail        |    20 |    71 |    85 ||   176
Dodge: Dodged            |    44 |    22 |    25 ||    91
Block: Shield            |    65 |    53 |    80 ||   198

Table legend:
 A = Spawn XP
 B = Non-spawn XP
 C = Spawn XP percentage of total XP
 D = Spawn monster count
 E = Non-spawn monster count
 F = Spawn count percentage of total count
 G = Total turns spent on level
                    A         B        C        D         E        F      G
               +---------+---------+-------+---------+---------+-------+---------
         Total |       0 |    1954 |   0.0 |       0 |     110 |   0.0 |  4584
               +---------+---------+-------+---------+---------+-------+---------
           D:1 |       0 |      28 |   0.0 |       0 |      14 |   0.0 |   629
           D:2 |       0 |      39 |   0.0 |       0 |      14 |   0.0 |   856
           D:3 |       0 |     307 |   0.0 |       0 |      39 |   0.0 |   978
           D:4 |       0 |     679 |   0.0 |       0 |      28 |   0.0 |  1378
           D:5 |       0 |     901 |   0.0 |       0 |      15 |   0.0 |   743
               +---------+---------+-------+---------+---------+-------+---------
